Map: Frozen Temple

Players

HATETHISGAME - Winner!

  • Race: Protoss Protoss
  • League: Diamond

Narvik

  • Race: Terran Terran

VOD

Have the link to the VOD?

Description

Time

  • Played on: April 28, 2016, 12:11 a.m.
  • Length: 7:34
Show
View Real Time Build Order
Export as new Build Order

HATETHISGAME Protoss - Winner!

Build Orders: 1 Gate Expand 

Get SALT Encoding   

  12  0:01  Probe (Chrono Boost)  
  13  0:11  Probe (Chrono Boost)  
  14  0:18  Pylon  
  14  0:22  Probe (Chrono Boost)  
  15  0:37  Probe (Chrono Boost)  
  15  0:39  Gateway  
  16  0:45  Assimilator  
  16  0:47  Probe (Chrono Boost)  
  17  0:58  Probe (Chrono Boost)  
  18  1:08  Probe (Chrono Boost)  
  19  1:19  Probe (Chrono Boost)  
  20  1:26  Nexus  
  20  1:37  Cybernetics Core  
  20  1:39  Probe (Chrono Boost)  
  21  1:47  Assimilator  
  21  1:50  Probe (Chrono Boost)  
  22  1:56  Pylon  
  22  2:01  Probe (Chrono Boost)  
  23  2:14  Adept (Chrono Boost)  
  23  2:15  Mothership Core (Chrono Boost)  
  27  2:21  Warp Gate  
  27  2:34  Probe  
  28  2:38  Probe, Adept (Chrono Boost)  
  31  2:46  Probe (Chrono Boost)  
  33  2:51  Probe (Chrono Boost)  
  33  2:53  Robotics Facility  
  34  2:58  Probe (Chrono Boost)  
  34  3:02  Pylon  
  33  3:08  Probe (Chrono Boost)  
  33  3:09  Adept  
  36  3:15  Pylon  
  36  3:18  Probe (Chrono Boost)  
  36  3:19  Probe (Chrono Boost)  
  38  3:29  Probe (Chrono Boost)  
  38  3:30  Probe (Chrono Boost)  
  40  3:40  Probe (Chrono Boost), Warp Prism (Chrono Boost)  
  43  3:51  Stalker (Chrono Boost)  
  45  3:58  Pylon  
  45  4:05  Probe  
  46  4:13  Gateway  
  46  4:14  Gateway  
  46  4:15  Immortal (Chrono Boost)  
  50  4:27  Gateway x2  
  50  4:30  Adept  
  52  4:33  Probe  
  52  4:35  Pylon  
  51  4:39  Probe  
  52  4:51  Gateway  
  52  4:52  Observer (Chrono Boost)  
  53  4:53  Gateway  
  53  5:09  Probe  
  53  5:11  Observer (Chrono Boost)  
  55  5:15  Probe  
  55  5:16  Assimilator  
  55  5:17  Assimilator  
  55  5:19  Adept x3  
  62  5:23  Probe  
  62  5:25  Probe  
  62  5:27  Pylon  
  64  5:30  Pylon  
  64  5:31  Observer (Chrono Boost)  
  64  5:35  Probe  
  66  5:42  Adept  
  66  5:43  Adept  
  66  5:48  Forge  
  66  5:49  Adept x3  
  76  6:03  Sentry x2  
  80  6:07  Pylon  
  80  6:08  Pylon  
  80  6:14  Sentry  
  82  6:18  Sentry x2  
  86  6:47  Adept x5  
  94  7:05  Adept  
  94  7:07  Adept  
  94  7:10  Probe  
  94  7:17  Probe  
  94  7:23  Nexus  
  94  7:24  Pylon  
Show
View Real Time Build Order
Export as new Build Order

Narvik Terran 

Build Orders:  

Get SALT Encoding   

  12  0:01  SCV  
  13  0:13  SCV  
  14  0:17  Supply Depot  
  14  0:25  SCV  
  15  0:39  SCV  
  15  0:40  Barracks  
  16  0:45  Refinery  
  16  0:51  SCV  
  17  1:03  SCV  
  18  1:15  SCV  
  19  1:28  Orbital Command  
  19  1:29  Barracks Reactor  
  19  1:48  Command Center  
  19  1:55  SCV  
  19  1:59  Supply Depot  
  20  2:05  Marine x2  
  22  2:08  SCV  
  23  2:21  SCV  
  24  2:23  Marine x2  
  24  2:27  Factory  
  26  2:33  SCV  
  27  2:39  Refinery  
  27  2:41  Marine x2  
  29  2:46  SCV  
  30  2:58  SCV  
  30  3:00  Marine x2  
  33  3:06  Orbital Command  
  33  3:10  SCV  
  34  3:16  Starport  
  34  3:25  Widow Mine, Marine x2  
  38  3:28  Orbital Command  
  38  3:31  SCV  
  39  3:40  Supply Depot  
  38  3:50  SCV  
  38  3:53  Marine x2  
  38  3:55  Widow Mine, Medivac  
  45  4:02  SCV  
  39  4:10  Marine x2  
  39  4:11  SCV  
  39  4:14  SCV  
  42  4:26  SCV  
  42  4:28  Supply Depot  
  42  4:31  Marine x2  
  44  4:35  SCV  
  46  4:38  SCV  
  47  4:50  SCV  
  48  5:08  Widow Mine, Marine x2  
  48  5:10  Viking  
  54  5:16  SCV x2  
  54  5:17  Barracks  
  54  5:18  Barracks, Command Center  
  56  5:22  Supply Depot  
  56  5:27  Refinery  
  56  5:28  SCV x2  
  54  5:39  Marine x2  
  54  5:42  SCV x2  
  58  5:44  Engineering Bay  
  58  5:45  Engineering Bay  
  58  5:54  SCV x2  
  60  5:58  Refinery  
  60  5:59  Marine x2  
  60  6:00  Starport Tech Lab, Factory Tech Lab  
  60  6:04  Marine  
  63  6:05  Marine  
  63  6:09  SCV x2  
  66  6:16  Supply Depot  
  66  6:17  Supply Depot  
  66  6:21  SCV  
  55  6:35  Orbital Command  
  55  6:37  Siege Tank  
  55  6:38  Banshee  
  55  6:39  Marine x2  
  58  6:43  SCV  
  60  6:58  Marine  
Tags
 
Add a new tag
Caveats
  • Supply blocks, unpowered buildings, or Contaminate may cause inaccurate times.
  • Supply counts are checked every 10 seconds.